 Dungeon Crawl Stone Soup version 0.28.0-1-gb440e238dd (webtiles) character file.

Game seed: 7884365791957299747

100 mortz the Conjurer (level 4, -3/32 HPs)
             Began as a Gnoll Conjurer on Feb 27, 2022.
             Slain by an orc warrior (9 damage)
             ... on level 4 of the Dungeon.
             The game lasted 00:14:38 (2208 turns).

mortz the Conjurer (Gnoll Conjurer)                 Turns: 2208, Time: 00:14:38

Health: -3/32      AC:  4    Str: 12    XL:     4   Next: 73%
Magic:  7/20       EV: 12    Int: 19    God:
Gold:   93         SH:  0    Dex: 11    Spells: 9/13 levels left

rFire   . . .      SeeInvis .   n - +0 falchion {long}
rCold   . . .      Faith    .   (no shield)
rNeg    . . .      Spirit   .   l - +0 leather armour
rPois   .          Reflect  .   o - +0 helmet
rElec   .          Harm     .   (no cloak)
rCorr   .          Rampage  .   (no gloves)
Will    .....                   (no boots)
Stlth   ++........              (no amulet)
HPRegen 0.10/turn               c - +6 ring of strength
MPRegen 0.17/turn               j - ring of magical power

@: no status effects
A: fangs 1, strong nose, distributed training
a: no special abilities


You were on level 4 of the Dungeon.
You visited 1 branch of the dungeon, and saw 4 of its levels.

You collected 93 gold pieces.


Innate Abilities, Weirdness & Mutations

You have very sharp teeth.
Your uncanny sense of smell can sniff out nearby items.
Your experience applies equally to all skills.


   Skills:
 + Level 1.2 Fighting
 + Level 1.2 Short Blades
 + Level 1.2 Long Blades
 + Level 1.2 Axes
 + Level 1.2 Maces & Flails
 + Level 1.2 Polearms
 + Level 1.2 Staves
 + Level 1.2 Slings
 + Level 1.2 Bows
 + Level 1.2 Crossbows
 + Level 1.2 Throwing
 + Level 1.2 Armour
 + Level 4.7 Dodging
 + Level 4.3 Stealth
 + Level 1.2 Shields
 + Level 1.2 Unarmed Combat
 + Level 5.1 Spellcasting
 + Level 7.1 Conjurations
 + Level 1.0 Hexes
 + Level 1.0 Summonings
 + Level 1.0 Necromancy
 + Level 1.0 Translocations
 + Level 1.0 Transmutations
 + Level 1.0 Fire Magic
 + Level 1.0 Ice Magic
 + Level 1.0 Air Magic
 + Level 1.0 Earth Magic
 + Level 1.0 Poison Magic
 + Level 1.3 Invocations
 + Level 1.2 Evocations


You had 9 spell levels left.
You knew the following spells:

 Your Spells              Type           Power      Damage    Failure   Level
a - Magic Dart            Conj           100%       1d8       1%          1
b - Searing Ray           Conj           64%        2d6       1%          2
c - Shock                 Conj/Air       80%        1d8       3%          1

Your spell library contained the following spells:

 Spells                   Type           Power      Damage    Failure   Level
 Dazzling Flash           Conj/Hex       40%        N/A       9%          3
 Blink                    Tloc           16%        N/A       16%         2
 Fulminant Prism          Conj/Hex       10%        3d9       28%         4
 Iskenderun's Mystic Bla  Conj/Tloc      20%        2d6       28%         4
 Lesser Beckoning         Tloc           8%         N/A       30%         3
 Swiftness                Air            8%         N/A       30%         3
 Tukima's Dance           Hex            8%         N/A       30%         3
 Airstrike                Air            4%         N/A       71%         4
 Anguish                  Hex/Necr       4%         N/A       71%         4
 Summon Lightning Spire   Summ/Air       8%         N/A       71%         4
 Manifold Assault         Tloc           8%         N/A       96%         5
 Enfeeble                 Hex            4%         N/A       100%        7
 Storm Form               Tmut/Air       4%         N/A       100%        7
 Maxwell's Capacitive Co  Air            4%         ∞         100%        8

Inventory:

Hand Weapons
 f - a +0 dagger {short}
   (You took it off a goblin on level 1 of the Dungeon)
 m - a +0 short sword {short}
   (You took it off a kobold on level 2 of the Dungeon)
 n - a +0 falchion (weapon) {long}
   (You found it on level 2 of the Dungeon)
Missiles
 d - 63 stones {throwing}
 s - 6 poisoned darts {throwing}
Armour
 a - a +0 robe
 l - a +0 leather armour (worn)
   (You found it on level 2 of the Dungeon)
 o - a +0 helmet (worn)
   (You found it on level 3 of the Dungeon)
 q - a +0 chain mail
   (You found it on level 3 of the Dungeon)
Jewellery
 c - a +6 ring of strength (left hand)
   (You found it on level 1 of the Dungeon)
 j - a ring of magical power (right hand)
   (You found it on level 2 of the Dungeon)
 r - a ring of poison resistance
   (You found it on level 3 of the Dungeon)
Wands
 t - a wand of mindburst (24)
   (You found it on level 3 of the Dungeon)
Scrolls
 e - 4 scrolls of identify {unknown}
 k - 2 scrolls of noise {unknown}
 p - a scroll of immolation {unknown}
Potions
 b - a potion of curing {unknown}
 g - a potion of heal wounds {unknown}
 h - a potion of cancellation {unknown}
 i - a potion of resistance {unknown}

Dungeon Overview and Level Annotations

Branches:
Dungeon (4/15)
 Temple: D:4-7

Altars:
Elyvilon

##### ...######
..#####...o.oo#
#.J....)#
#######)# ..
#.# #.##o#
####...@####
.......†..<#
############ ∆
∆


You could see an orc warrior.


Message History

Press: ? - help, Shift-Dir - straight line, f/p - adder
Aim: an adder (moderately wounded, 68% to hit)
The searing ray hits the adder! (Press . to maintain the ray.) 😎 MP[-2]
You lost 2 mp, and now have 17/20 mp.
The searing ray hits the adder!
You kill the adder!
Your Hexes skill increases to level 1!
Your Summonings skill increases to level 1!
Your Necromancy skill increases to level 1!
Your Translocations skill increases to level 1!
Your Transmutations skill increases to level 1!
Your Fire Magic skill increases to level 1!
Your Ice Magic skill increases to level 1!
Your Air Magic skill increases to level 1!
Your Earth Magic skill increases to level 1!
Your Poison Magic skill increases to level 1! 😎 MP[-1]
You lost 1 mp, and now have 16/20 mp.
You see here an adder corpse.
A jelly comes into view. 😎 MP[+4]
Your mp is fully restored (20).
An orc warrior and 2 orcs come into view.
An orc is wielding a +0 antimagic whip.
The orc shouts! x2; The orc warrior shouts!
An orc comes into view. It is wielding a +0 hand axe.
You see here a sedimented red potion.
Casting: Searing Ray (safe; 1% risk of failure)
Confirm with . or Enter, or press ? or * to list all spells.
Aiming: Searing Ray (safe; 1% risk of failure)
Press: ? - help, Shift-Dir - straight line, f - orc
Aim: an orc, wielding a +0 antimagic whip (81% to hit)
The searing ray misses the orc. x2 (Press . to maintain the ray.) 😎 MP[-2]
You lost 2 mp, and now have 18/20 mp.
The searing ray hits the orc.
The searing ray hits the orc!
You kill the orc!
The searing ray hits the orc warrior. 😎 MP[-1]
You lost 1 mp, and now have 17/20 mp.
The searing ray misses the orc.
The searing ray hits the orc warrior.
The orc barely misses you. 😎 MP[-1]
You lost 1 mp, and now have 16/20 mp.
The searing ray hits the orc.
The searing ray hits the orc warrior.
The searing ray hits the orc.
You kill the orc!
You finish channelling your searing ray.
The orc misses you. 😎 MP[-1]
You lost 1 mp, and now have 15/20 mp.
Casting: Searing Ray (safe; 1% risk of failure)
Confirm with . or Enter, or press ? or * to list all spells.
Aiming: Searing Ray (safe; 1% risk of failure)
Press: ? - help, Shift-Dir - straight line, f - orc
Aim: an orc, wielding a +0 mace and wearing a +0 chain mail (almost dead, 86% to hit)
The searing ray hits the orc.
You kill the orc!
The searing ray hits the orc warrior! (Press . to maintain the ray.) 😎 MP[-2]
You lost 2 mp, and now have 13/20 mp.
The searing ray hits the orc warrior.
The orc warrior misses you.
The searing ray hits the orc warrior.
The orc warrior closely misses you.
An orc comes into view. It is wielding a +0 flail. 😎 MP[-1]
You lost 1 mp, and now have 12/20 mp.
The searing ray hits the orc warrior.
You finish channelling your searing ray.
The orc warrior hits you with a +0 mace! 😮 HP[-10] MP[-1]
You take 10 damage, and now have 22/32 hp.
MASSIVE DAMAGE!! (PAUSE)
You lost 1 mp, and now have 11/20 mp.
Casting: Searing Ray (safe; 1% risk of failure)
Confirm with . or Enter, or press ? or * to list all spells.
Aiming: Searing Ray (safe; 1% risk of failure)
Press: ? - help, Shift-Dir - straight line, f - orc warrior
Aim: an orc warrior, wielding a +0 mace and wearing a +0 chain mail (almost dead, 78% to hit)
The searing ray misses the orc warrior. (Press . to maintain the ray.)
The orc warrior hits you with a +0 mace!
* * * LOW HITPOINT WARNING * * *
😱 HP[-14] MP[-2]
You take 14 damage, and now have 8/32 hp.
MASSIVE DAMAGE!! (PAUSE)
You lost 2 mp, and now have 9/20 mp.
The searing ray hits the orc warrior.
The searing ray hits the orc.
The orc warrior hits you with a +0 mace.
* * * LOW HITPOINT WARNING * * *
😱 HP[-2] MP[-1]
You take 2 damage, and now have 6/32 hp.
You lost 1 mp, and now have 8/20 mp.
The searing ray hits the orc warrior.
The searing ray hits the orc!
You kill the orc!
The orc warrior hits you with a +0 mace!
You die...

Skill      XL: |  1  2  3  4 |
---------------+-------------+-----
Spellcasting   | 5 |  5.1
Invocations    | 1 |  1.3
Fighting       | 1 |  1.2
Short Blades   | 1 |  1.2
Long Blades    | 1 |  1.2
Axes           | 1 |  1.2
Maces & Flails | 1 |  1.2
Polearms       | 1 |  1.2
Staves         | 1 |  1.2
Slings         | 1 |  1.2
Bows           | 1 |  1.2
Crossbows      | 1 |  1.2
Throwing       | 1 |  1.2
Armour         | 1 |  1.2
Shields        | 1 |  1.2
Unarmed Combat | 1 |  1.2
Evocations     | 1 |  1.2
Hexes          | 1 |  1.0
Summonings     | 1 |  1.0
Necromancy     | 1 |  1.0
Translocations | 1 |  1.0
Transmutations | 1 |  1.0
Fire Magic     | 1 |  1.0
Ice Magic      | 1 |  1.0
Air Magic      | 1 |  1.0
Earth Magic    | 1 |  1.0
Poison Magic   | 1 |  1.0
Dodging        | |  4.7
Stealth        | |  4.3
Conjurations   | |  7.1

Action                   |  1- 3 |  4- 6 || total
-------------------------+-------+-------++-------
Melee: Dagger            |     1 |       ||     1
       Falchion          |       |     1 ||     1
 Cast: Magic Dart        |    39 |    17 ||    56
       Searing Ray       |     6 |     9 ||    15
 Stab: Sleeping          |     1 |       ||     1
Armor: Robe              |     1 |       ||     1
       Leather armour    |       |     2 ||     2
Dodge: Dodged            |    12 |     8 ||    20

Levels and vault maps discovered:
D:1:      tarquinn_simple_flora_water_d, layout_basic,
          minmay_misc_feat_nine_boxes
D:2:      layout_basic, shapermc_ecumenical_altar_mp_vishouse,
          kennysheep_crisscross
D:3:      layout_rooms, nicolae_elyvilon_peaceful_grove,
          minmay_goblin_kobold_house
D:4:      minmay_skewed_foursquare, layout_loops_ring,
          minmay_overflow_temple_hex, uniq_natasha

Notes
Turn   | Place    | Note
-------+----------+-------------------------------------------
     0 | D:1      | mortz the Gnoll Conjurer began the quest for the Orb.
     0 | D:1      | Reached XP level 1. HP: 13/13 MP: 6/6
     0 | D:1      | magus.rc [v1.9.6]
    39 | D:1      | You pick up a book of Maledictions and begin reading...
    39 | D:1      | You add the spells Tukima's Dance, Anguish and Enfeeble to
                  | your library.
   126 | D:1      | Reached XP level 2. HP: 19/19 MP: 5/7
   180 | D:1      | You pick up a book of the Sky and begin reading...
   180 | D:1      | You add the spells Summon Lightning Spire, Storm Form and
                  | Maxwell's Capacitive Coupling to your library.
   184 | D:1      | Learned a level 2 spell: Searing Ray
   606 | D:2      | Reached skill level 5 in Spellcasting
   606 | D:2      | Reached XP level 3. HP: 25/25 MP: 3/9
   698 | D:2      | Reached skill level 1 in Invocations
  1000 | D:2      | You pick up a book of Air and begin reading...
  1000 | D:2      | You add the spells Shock, Swiftness and Airstrike to your
                  | library.
  1003 | D:2      | Learned a level 1 spell: Shock
  1032 | D:2      | Found a faded altar of an unknown god.
  1105 | D:2      | Reached skill level 1 in Fighting
  1105 | D:2      | Reached skill level 1 in Short Blades
  1105 | D:2      | Reached skill level 1 in Long Blades
  1105 | D:2      | Reached skill level 1 in Axes
  1105 | D:2      | Reached skill level 1 in Maces & Flails
  1105 | D:2      | Reached skill level 1 in Polearms
  1105 | D:2      | Reached skill level 1 in Staves
  1105 | D:2      | Reached skill level 1 in Slings
  1105 | D:2      | Reached skill level 1 in Bows
  1105 | D:2      | Reached skill level 1 in Crossbows
  1105 | D:2      | Reached skill level 1 in Throwing
  1105 | D:2      | Reached skill level 1 in Armour
  1105 | D:2      | Reached skill level 1 in Shields
  1105 | D:2      | Reached skill level 1 in Unarmed Combat
  1105 | D:2      | Reached skill level 1 in Evocations
  1105 | D:2      | Reached XP level 4. HP: 27/32 MP: 7/11
  1633 | D:3      | You pick up a book of Spatial Translocations and begin
                  | reading...
  1633 | D:3      | You add the spells Blink, Lesser Beckoning and Manifold
                  | Assault to your library.
  1720 | D:3      | Found a white marble altar of Elyvilon.
  2166 | D:4      | Reached skill level 1 in Hexes
  2166 | D:4      | Reached skill level 1 in Summonings
  2166 | D:4      | Reached skill level 1 in Necromancy
  2166 | D:4      | Reached skill level 1 in Translocations
  2166 | D:4      | Reached skill level 1 in Transmutations
  2166 | D:4      | Reached skill level 1 in Fire Magic
  2166 | D:4      | Reached skill level 1 in Ice Magic
  2166 | D:4      | Reached skill level 1 in Air Magic
  2166 | D:4      | Reached skill level 1 in Earth Magic
  2166 | D:4      | Reached skill level 1 in Poison Magic
  2193 | D:4      | Noticed an orc warrior
  2206 | D:4      | HP: 8/32 [orc warrior (14)]
  2208 | D:4      | Slain by an orc warrior

Vanquished Creatures
  3 adders
  3 worms (D:2)
  4 orcs (D:4)
  2 endoplasms
  2 giant cockroaches
  9 hobgoblins
  5 quokkas
  3 ball pythons
  4 bats
  3 frilled lizards (D:2)
  10 goblins
  3 kobolds
  6 rats
57 creatures vanquished.

Table legend:
 A = Non-vault XP
 B = Vault XP
 C = Vault XP percentage of total XP
 D = Non-vault monster count
 E = Vault monster count
 F = Vault count percentage of total count
                 A         B        C        D         E       F
            +---------+---------+-------+---------+---------+-------
      Total |     136 |      10 |   6.8 |      52 |       5 |   8.8
            +---------+---------+-------+---------+---------+-------
        D:1 |      26 |       0 |   0.0 |      17 |       0 |   0.0
        D:2 |      70 |       0 |   0.0 |      21 |       0 |   0.0
        D:3 |      15 |      10 |  40.0 |       9 |       5 |  35.7
        D:4 |      25 |       0 |   0.0 |       5 |       0 |   0.0
            +---------+---------+-------+---------+---------+-------

Illustrated notes

Table legend:
 A = Kills in this place as a percentage of kills in entire the game.
 B = Kills by you in this place as a percentage of kills by you in the entire game.
 C = Kills by friends in this place as a percentage of kills by friends in the entire game.
 D = Other kills in this place as a percentage of other kills in the entire game.
 E = Experience gained in this place as a percentage of experience gained in the entire game.
 F = Experience gained in this place divided by the number of levels of this place that you have seen.
                   A       B       C       D       E      F
               +-------+-------+-------+-------+-------+----------------------
         Total | 100.0 | 100.0 |   N/A |   N/A | 100.0 |  36.5
       Dungeon | 100.0 | 100.0 |   N/A |   N/A | 100.0 |  36.5
               +-------+-------+-------+-------+-------+----------------------

Table legend: (Time is in decaauts)
 A = Elapsed time spent in this place.
 B = Non-inter-level travel time spent in this place.
 C = Inter-level travel time spent in this place.
 D = Time resting spent in this place.
 E = Time spent auto-exploring this place.
 F = Levels seen in this place.
 G = Mean time per level.
                   A        B        C        D        E       F      G
               +--------+--------+--------+--------+--------+-----+--------+
         Total |   2206 |   2144 |     62 |    464 |   1211 |   4 |  551.5 |
       Dungeon |   2206 |   2144 |     62 |    464 |   1211 |   4 |  551.5 |
               +--------+--------+--------+--------+--------+-----+--------+

Top non-repeatable levels by time:
     D:2: 1017 daAuts
     D:1: 600 daAuts
     D:3: 542 daAuts
     D:4: 45 daAuts
